 Dungeon Crawl Stone Soup version 0.30-a0-187-gd9c2deaf24 (webtiles) character file.

Game seed: 13932972587946464234

35 jimonade the Gusty (level 3, -6/31 HPs)
             Began as an Ogre Air Elementalist on Oct 3, 2022.
             Mangled by Ijyb
             ... wielding a +2 dagger of venom
              (7 damage)
             ... on level 2 of the Dungeon.
             The game lasted 00:06:14 (1823 turns).

jimonade the Gusty (Ogre Air Elementalist)          Turns: 1823, Time: 00:06:15

Health: -6/31      AC:  4    Str: 12    XL:     3   Next: 35%
Magic:  0/7        EV:  9    Int: 18    God:
Gold:   57         SH:  0    Dex:  9    Spells: 2/8 levels left

rFire   . . .      SeeInvis .    d - +0 dagger
rCold   . . .      Faith    .    (no shield)
rNeg    . . .      Spirit   .    a - +0 robe
rPois   .          Reflect  .    (helmet restricted)
rElec   .          Harm     .    j - +0 cloak
rCorr   .          Rampage  .    (gloves unavailable)
Will    .....                    (boots unavailable)
Stlth   +.........               (no amulet)
HPRegen 0.25/turn                (no ring)
MPRegen 0.10/turn                (no ring)

@: lethally poisoned (-6 -> -17), very slightly contaminated
A: large, unfitting armour, tough skin 1
a: no special abilities


You were on level 2 of the Dungeon.
You visited 1 branch of the dungeon, and saw 2 of its levels.

You collected 57 gold pieces.

Inventory:

Hand Weapons
 c - a +0 short sword
 d - a +0 dagger (weapon)
Missiles
 i - 5 poisoned darts
Armour
 a - a +0 robe (worn)
 j - a +0 cloak (worn)
Scrolls
 e - a scroll of vulnerability {unknown}
 f - a scroll of teleportation {unknown}
 g - a scroll of magic mapping {unknown}
 l - a scroll of fog {unknown}
 m - a scroll of fear {unknown}
Potions
 b - a potion of magic
 h - a potion of resistance {unknown}
 k - a potion of lignification {unknown}
 n - a potion of curing


   Skills:
 - Level 1.7 Dodging
 - Level 1.4 Stealth
 + Level 3.0 Spellcasting
 + Level 1.4 Conjurations
 + Level 3.4 Air Magic


You had 2 spell levels left.
You knew the following spells:

 Your Spells              Type           Power      Damage    Failure   Level
a - Shock                 Conj/Air       44%        1d5       6%          1
b - Static Discharge      Conj/Air       22%        2-3/arc   9%          2
c - Swiftness             Air            14%        N/A       12%         3

Your spell library contained the following spells:

 Spells                   Type           Power      Damage    Failure   Level
 Sandblast                Erth           4%         2d4       16%         1
 Passwall                 Tmut/Erth      1%         N/A       24%         2
 Stone Arrow              Conj/Erth      10%        3d7       36%         3
 Airstrike                Air            7%         2d(1-17)  38%         4


Dungeon Overview and Level Annotations

Branches:
Dungeon (2/15)

Altars:

Annotations:
D:2 Ijyb


Innate Abilities, Weirdness & Mutations

You are too large for most types of armour.
You have tough skin. (AC +1)


Message History

You are poisoned.
Casting: Shock (safe; 6% risk of failure)
Confirm with . or Enter, or press ? or * to list all spells.
Ijyb is struck by an arc of lightning.
Ijyb is lightly wounded.
You are struck by an arc of lightning.
The lightning grounds out.
You feel sick. Ijyb hits you but does no damage.
You are more poisoned.
Casting: Static Discharge (safe; 9% risk of failure)
Confirm with . or Enter, or press ? or * to list all spells.
You miscast Static Discharge.
You are very lightly contaminated with residual magic.
Nothing appears to happen.
You feel very sick.
Ijyb hits you with a +2 dagger of venom.
Casting: Static Discharge (safe; 9% risk of failure)
Confirm with . or Enter, or press ? or * to list all spells.
Ijyb is struck by an arc of lightning.
Ijyb is moderately wounded.
You are struck by an arc of lightning.
The lightning grounds out.
You feel very sick. Ijyb closely misses you.
Casting: Static Discharge (safe; 9% risk of failure)
Confirm with . or Enter, or press ? or * to list all spells.
You don't have enough magic to cast this spell.
You hit Ijyb but do no damage.
Ijyb is moderately wounded.
You feel sick. Ijyb barely misses you.
You hit Ijyb but do no damage.
Ijyb is moderately wounded.
You feel sick.
Ijyb hits you with a +2 dagger of venom.
* * * LOW HITPOINT WARNING * * *
You are more poisoned.
You hit Ijyb but do no damage.
Ijyb is moderately wounded.
* * * LOW HITPOINT WARNING * * *
You feel very sick.
Ijyb hits you with a +2 dagger of venom!
You die...

## ### #.. ..# ..# #.#
####### #.####.# #.....#
#...#.############.###.#
#..............)...# #.#
#
##...#.#..g########.###.#
#.###.#.##.....@# #.....#
#.........#...## ###.###
#..###.#####.## #.# #.#
#.# #.# #.# #.# #.# #.#
####.# .##.####.# ##+##
#....# .........# ##)..##
#.####
###.########.....## #.##
###..### ##.......##
#..##


You could see Ijyb.

Vanquished Creatures
  A worm (D:2)
  A dart slug (D:2)
  2 ball pythons (D:1)
  3 bats
  3 endoplasms (D:1)
  A giant cockroach (D:2)
  3 goblins
  2 hobgoblins (D:1)
  4 jackals (D:1)
  4 kobolds (D:1)
24 creatures vanquished.

Vanquished Creatures (others)
  5 fungi (D:1)
  3 plants (D:1)
8 creatures vanquished.

Grand Total: 32 creatures vanquished

Notes
Turn   | Place    | Note
-------+----------+-------------------------------------------
     0 | D:1      | jimonade the Ogre Air Elementalist began the quest for the
                  | Orb.
     0 | D:1      | Reached XP level 1. HP: 16/16 MP: 3/3
   168 | D:1      | Reached skill level 1 in Conjurations
   309 | D:1      | Reached XP level 2. HP: 19/24 MP: 0/5
   409 | D:1      | Learned a level 2 spell: Static Discharge
   832 | D:1      | Found a faded altar of an unknown god.
  1105 | D:1      | Reached XP level 3. HP: 31/31 MP: 4/7
  1349 | D:1      | Learned a level 3 spell: Swiftness
  1760 | D:2      | Noticed Ijyb
  1823 | D:2      | HP: 1/31 [poisoned by Ijyb]
  1823 | D:2      | Mangled by Ijyb

Illustrated notes

Levels and vault maps discovered:
D:1:      sevenhm_arrival_forest_fort_small_3, layout_basic,
          shapermc_ecumenical_altar_hornbeckon, minmay_misc_feat_enclosed,
          serial_bayou_crossing
D:2:      kennysheep_the_goblin_king, layout_loops_corners

Skill      XL: |  1  2  3 |
---------------+----------+-----
Conjurations   | 1 |  1.4
Air Magic      | 3 |  3.4
Spellcasting   | 3 |  3.0
Dodging        | |  1.7
Stealth        | |  1.4

Action                   || total
-------------------------++-------
Melee: Unarmed           ||    34
       Dagger            ||     4
 Cast: Shock             ||    52
       Static Discharge  ||     2
  Use: Potion            ||     1
 Stab: Sleeping          ||     1
Armor: Robe              ||    15
Dodge: Dodged            ||    38

Table legend: (Time is in decaauts)
 A = Elapsed time spent in this place.
 B = Non-inter-level travel time spent in this place.
 C = Inter-level travel time spent in this place.
 D = Time resting spent in this place.
 E = Time spent auto-exploring this place.
 F = Levels seen in this place.
 G = Mean time per level.
                   A        B        C        D        E       F      G
               +--------+--------+--------+--------+--------+-----+--------+
         Total |   1831 |   1731 |    100 |     71 |   1326 |   2 |  915.5 |
       Dungeon |   1831 |   1731 |    100 |     71 |   1326 |   2 |  915.5 |
               +--------+--------+--------+--------+--------+-----+--------+

Top non-repeatable levels by time:
     D:1: 1409 daAuts
     D:2: 422 daAuts
